Map: Ruins of Seras

Players

Miltreta - Winner!

  • Race: Terran Terran

A.I. 1 (Medium)

  • Race: Protoss Protoss

VOD

Have the link to the VOD?

Description

Time

  • Played on: March 2, 2016, 1:53 p.m.
  • Length: 14:20
Show
View Real Time Build Order
Export as new Build Order

Miltreta Terran - Winner!

Build Orders: MMM Bio 

Get SALT Encoding   

  12  0:03  SCV  
  13  0:15  SCV  
  14  0:23  Supply Depot  
  14  0:27  SCV  
  15  0:44  Supply Depot  
  15  0:49  Barracks  
  15  0:54  Refinery  
  15  0:55  SCV  
  16  1:07  SCV  
  17  1:19  SCV  
  17  1:22  Engineering Bay  
  18  1:32  SCV, Refinery  
  19  1:42  Marine  
  19  1:44  SCV  
  21  1:57  SCV  
  21  2:00  Marine  
  23  2:12  Barracks  
  23  2:17  Bunker  
  23  2:18  Marine  
  23  2:21  SCV  
  25  2:36  Reaper  
  26  2:41  Orbital Command  
  26  2:52  Terran Infantry Weapons Level 1  
  26  3:08  Reaper  
  26  3:09  Barracks Tech Lab  
  28  3:46  Supply Depot  
  28  3:49  Marauder  
  28  3:55  Barracks Reactor  
  29  4:10  Marauder  
  31  4:52  Marine x2  
  33  4:57  Combat Shields  
  33  5:10  Marine x2  
  33  5:11  Factory  
  35  5:28  Marine x2  
  37  5:43  Terran Infantry Armor Level 1  
  37  6:05  Command Center  
  37  6:16  Stimpack  
  37  6:18  Factory Tech Lab  
  37  6:28  Marauder  
  37  6:31  Marine x2  
  41  6:48  Marine  
  41  6:49  Marine, Marauder  
  41  6:51  Hellion  
  47  7:06  Marine  
  47  7:07  Reaper  
  49  7:10  Marauder  
  49  7:12  Hellion  
  53  7:24  Reaper  
  54  7:32  Marauder  
  50  7:37  Building Armor  
  50  7:39  Reaper  
  47  7:46  Command Center  
  46  7:53  Marauder  
  46  7:56  Reaper  
  49  8:11  Reaper  
  50  8:15  Infernal Pre-Igniter, Marauder  
  50  8:17  Concussive Shells  
  52  8:29  Reaper  
  53  8:36  Marauder  
  55  8:43  Reaper  
  55  8:57  Marauder  
  55  9:01  Reaper  
  57  9:19  Marauder  
  59  9:50  Armory  
  59  9:53  Starport  
  59  9:57  Siege Tank  
  62  10:19  Marine x2  
  64  10:26  Supply Depot  
  64  10:30  Siege Tank  
  67  10:37  Marine x2  
  67  10:40  Refinery  
  69  10:46  Refinery  
  69  10:47  Refinery  
  69  10:54  Terran Infantry Weapons Level 2, Marine  
  69  10:55  Marine  
  69  10:57  Medivac  
  73  11:02  Cyclone  
  76  11:12  Marine x2  
  63  12:55  Reaper x2  
  63  12:58  Marauder  
  65  13:01  Thor  
  70  13:19  Marauder  
  71  13:27  Reaper x2  
  73  13:40  Marauder  
Show
View Real Time Build Order
Export as new Build Order

A.I. 1 (Medium) Protoss 

Build Orders:  

Get SALT Encoding   

  12  0:01  Probe (Chrono Boost)  
  13  0:11  Probe (Chrono Boost)  
  14  0:20  Pylon  
  14  0:22  Probe (Chrono Boost)  
  15  0:38  Probe (Chrono Boost)  
  16  0:48  Probe (Chrono Boost), Assimilator  
  17  0:50  Gateway  
  17  0:59  Probe (Chrono Boost)  
  17  1:01  Pylon  
  18  1:30  Gateway  
  18  1:35  Assimilator  
  18  1:37  Zealot  
  18  1:40  Cybernetics Core  
  20  2:01  Zealot  
  22  2:11  Pylon, Warp Gate  
  22  2:21  Stalker  
  24  2:43  Stalker  
  26  3:00  Pylon  
  26  3:04  Stalker  
  26  3:09  Probe (Chrono Boost)  
  30  3:21  Probe (Chrono Boost)  
  30  3:27  Adept  
  30  3:30  Forge  
  30  3:32  Probe (Chrono Boost)  
  33  3:43  Probe (Chrono Boost)  
  33  3:47  Stalker  
  34  3:55  Probe (Chrono Boost)  
  37  4:07  Probe (Chrono Boost)  
  38  4:15  Stalker  
  40  6:54  Sentry  
  40  6:56  Probe (Chrono Boost)  
  40  6:57  Photon Cannon  
  40  6:59  Photon Cannon  
  40  7:01  Pylon  
  43  7:02  Robotics Facility  
  43  7:03  Nexus  
  43  7:04  Twilight Council  
  43  7:07  Gateway  
  43  7:09  Sentry  
  43  7:11  Forge  
  43  7:13  Stargate  
  45  7:23  Adept  
  45  7:24  Pylon  
  41  7:37  Stalker  
  35  7:50  Observer  
  34  7:52  Adept  
  36  8:06  Zealot  
  36  8:10  Observer  
  39  8:17  Probe (Chrono Boost)  
  39  8:19  Probe (Chrono Boost)  
  41  8:20  Stalker  
  41  8:26  Assimilator  
  43  8:28  Probe (Chrono Boost)  
  43  8:29  Pylon  
  43  8:30  Probe (Chrono Boost)  
  43  8:31  Pylon  
  43  8:32  Assimilator  
  45  8:35  Stalker  
  45  8:39  Probe (Chrono Boost)  
  49  8:42  Probe (Chrono Boost)  
  49  8:49  Zealot  
  49  8:50  Probe (Chrono Boost)  
  49  8:51  Photon Cannon  
  49  8:53  Probe (Chrono Boost)  
  49  8:54  Photon Cannon  
  53  9:01  Probe (Chrono Boost)  
  54  9:03  Stalker  
  54  9:04  Probe (Chrono Boost)  
  57  9:12  Probe (Chrono Boost)  
  57  9:15  Probe (Chrono Boost)  
  57  9:18  Zealot  
  57  9:23  Probe (Chrono Boost)  
  60  9:26  Probe (Chrono Boost)  
  61  9:32  Stalker  
  61  9:34  Probe (Chrono Boost)  
  61  9:37  Probe (Chrono Boost)  
  65  9:45  Probe (Chrono Boost)  
  66  9:48  Probe (Chrono Boost)  
  67  9:55  Probe (Chrono Boost)  
  68  11:36  Protoss Ground Armor Level 1  
  68  11:40  Protoss Ground Weapons Level 1, Warp Prism  
  68  11:42  Void Ray  
  68  11:45  Gateway  
  74  11:48  Robotics Facility  
  74  11:51  Stargate  
  74  11:52  Stalker  
  74  11:53  Robotics Bay  
  72  11:57  Dark Shrine, Nexus  
  72  12:00  Fleet Beacon  
  58  12:02  Zealot  
  58  12:07  Templar Archives  
  54  12:12  Stalker  
  56  12:15  Warp Prism  
  56  12:18  Pylon  
  56  12:22  Adept  
  56  12:29  Probe (Chrono Boost)  
  46  12:30  Zealot  
  46  12:32  Pylon, Probe (Chrono Boost)  
  46  12:35  Observer  
  45  12:40  Probe (Chrono Boost), Zealot, Observer Gravitic Boosters  
  36  12:47  Zealot  
  33  12:52  Probe (Chrono Boost)  
  33  12:55  Zealot  
  28  13:01  Immortal  
  28  13:04  Probe (Chrono Boost)  
  30  13:09  Zealot  
  30  13:10  Probe (Chrono Boost)  
  31  13:19  Sentry  
  29  13:23  Probe (Chrono Boost)  
  29  13:26  Probe (Chrono Boost), Zealot  
  31  13:30  Pylon  
  31  13:33  Zealot  
  34  13:35  Probe (Chrono Boost)  
  34  13:37  Probe (Chrono Boost), Void Ray  
  34  13:47  Probe (Chrono Boost)  
  34  13:48  Zealot  
  33  13:50  Probe (Chrono Boost)  
  33  13:55  Zealot  
  29  13:59  Probe (Chrono Boost)  
  29  14:02  Probe (Chrono Boost), Stalker  
  20  14:11  Pylon  
Tags
 
Add a new tag
Caveats
  • Supply blocks, unpowered buildings, or Contaminate may cause inaccurate times.
  • Supply counts are checked every 10 seconds.